 Dungeon Crawl Stone Soup version 0.20-a0-751-g905781e (webtiles) character file.

3470 Laan the Grappler (level 10, -1/91 HPs)
             Began as a Ghoul Monk on Feb 25, 2017.
             Was a Believer of Qazlal.
             Slain by a two-headed ogre
             ... wielding a +0 giant club
              (8 damage)
             ... on level 9 of the Dungeon.
             The game lasted 00:15:01 (7759 turns).

Laan the Grappler (Ghoul Monk)                      Turns: 7759, Time: 00:15:01

Health: -1/91      AC: 12    Str: 24    XL:     10   Next: 6%
Magic:  9/9        EV: 11    Int:  5    God:    Qazlal [**....]
Gold:   384        SH:  3    Dex: 11    Spells: 9/9 levels left

rFire    + . .     SeeInvis .     - Unarmed
rCold    + . .     Gourm    .   o - +2 scale mail {rF+}
rNeg     + + +     Faith    .   (no shield)
rPois    ∞         Spirit   .   c - +1 hat
rElec    .         Reflect  .   s - +0 cloak
rCorr    .         Harm     .   f - +0 pair of gloves
MR       .....                  (no boots)
Stlth    ..........             (no amulet)
Regen    0.0/turn               (no ring)
MPRegen  0.2/turn               l - +5 ring of strength

@: rotting
A: rotting body, claws 1, carnivore 3, cold resistance 1, negative energy
resistance 3, inhibited regeneration, torment resistance, unbreathing
a: Upheaval, Renounce Religion


You were on level 9 of the Dungeon.
You worshipped Qazlal.
Qazlal was pleased with you.
You were not hungry.

You visited 2 branches of the dungeon, and saw 10 of its levels.

You collected 384 gold pieces.

Inventory:

Armour
 c - a +1 hat (worn)
 f - a +0 pair of gloves (worn)
 o - a +2 scale mail of fire resistance (worn)
 s - a +0 cloak (worn)
Jewellery
 l - a +5 ring of strength (left hand)
Wands
 u - a wand of paralysis (15/24)
Scrolls
 d - 10 scrolls of identify
 e - 5 scrolls of teleportation {unknown}
 g - a scroll of fog {unknown}
 j - 4 scrolls of enchant armour {unknown}
 n - 2 scrolls of immolation {unknown}
 q - a scroll of remove curse {unknown}
 r - 4 scrolls of amnesia {unknown}
 t - 2 scrolls of fear {unknown}
 w - a scroll of recharging {unknown}
 x - a scroll of enchant weapon {unknown}
Potions
 a - a potion of resistance {unknown}
 h - 4 potions of curing
 m - 2 potions of degeneration {unknown}
 p - a potion of brilliance {unknown}
 v - a potion of might {unknown}
Books
 i - a book of Necromancy

   Spells                             Type                      Level
   a - Pain                           Necromancy                   1
   b - Animate Skeleton               Necromancy                   1
   c - Vampiric Draining              Necromancy                   3
   d - Regeneration                   Charms/Necromancy            3
   e - Animate Dead                   Necromancy                   4
   f - Control Undead                 Necromancy                   4
 y - a book of Minor Magic

   Spells                             Type                      Level
   a - Magic Dart                     Conjuration                  1
   b - Blink                          Translocation                2
   c - Call Imp                       Summoning                    2
   d - Slow                           Hexes                        2
   e - Conjure Flame                  Conjuration/Fire             3
   f - Mephitic Cloud                 Conjuration/Poison/Air       3
 z - a book of Misfortune

   Spells                             Type                      Level
   a - Confusing Touch                Hexes                        1
   b - Confuse                        Hexes                        3
   c - Gell's Gravitas                Translocation                3
   d - Petrify                        Transmutation/Earth          4
   e - Metabolic Englaciation         Hexes/Ice                    5
   f - Yara's Violent Unravelling     Hexes/Transmutation          5
Comestibles
 b - 3 meat rations
 k - 14 royal jellies


   Skills:
 + Level 9.2 Fighting
 + Level 2.9 Armour
 - Level 2.7 Dodging
 - Level 2.2 Stealth
 * Level 12.2 Unarmed Combat


You had 9 spell levels left.
You didn't know any spells.

Dungeon Overview and Level Annotations

Branches:
Dungeon (9/15)             Temple (1/1) D:6
   Lair: D:8-11         Orc: D:9-12

Altars:
Ashenzari
Cheibriados
Dithmenos
Elyvilon
Fedhas
Gozag
Hepliaklqana
Kikubaaqudgha
Makhleb
Nemelex Xobeh
Okawaru
Qazlal
Ru
Sif Muna
Trog
Uskayaw
Vehumet
Wu Jian
Xom
Yredelemnul
Zin
The Shining One

Shops:
D:5 (*%(


Innate Abilities, Weirdness & Mutations

Your body is rotting away.
You thrive on raw meat.
You are immune to poison.
You have sharp fingernails.
You are carnivorous and can eat meat at any time.
Your flesh is cold resistant. (rC+)
You are immune to negative energy. (rN+++)
You do not regenerate when monsters are visible.
You are immune to unholy pain and torment.
You can survive without breathing.


Message History

The sky beast hits you but does no damage.
You hit the sky beast.
The sky beast is heavily wounded.
The sky beast hits you but does no damage.
You punch the sky beast!
You kill the sky beast!
Qazlal accepts your kill.
It was a potion of curing.
You feel better.
The crimson imp grinds its teeth.
You completely miss the two-headed ogre.
You punch the two-headed ogre!
The two-headed ogre is severely wounded.
The two-headed ogre hits you with a giant club!!
The two-headed ogre hits you with a giant club.
You punch the two-headed ogre!
The two-headed ogre is almost dead.
The two-headed ogre hits you with a giant club!!
* * * LOW HITPOINT WARNING * * *
The two-headed ogre hits you with a giant club!
You die...

...#...................
#.###.#######..........
...#...######..########
...............#########
........................
................^.......
##..############.######
#..# #.# #..# #@# #..#
#O# ...# #Y#
......WYY......
.......Y5....##
....Y........#
.W.Y.........#
.Y...........#
.......$.....#


You could see a two-headed ogre, 4 yaks, a phantom and a crimson imp.

Vanquished Creatures
  Pikel (D:7)
  Joseph (D:8)
  A gargoyle (D:9)
  Edmund (D:5)
  Duvessa (D:4)
  An orc warrior (D:7)
  An ice beast (D:5)
  A sky beast (D:9)
  A phantom (D:3)
  3 ogres
  2 centaurs
  Blork the orc (D:6)
  2 bullfrogs (D:6)
  Dowan (D:4)
  2 scorpions
  3 killer bees (D:7)
  A howler monkey (D:8)
  2 crimson imps (D:6)
  2 bullfrog zombies
  A centaur zombie (D:7)
  A hound (D:6)
  4 jellies
  4 orc priests
  2 orc wizards
  Natasha (twice) (D:2)
  3 worker ants
  2 hound zombies
  A hound skeleton (D:7)
  2 worker ant zombies
  4 gnolls (D:3)
  9 adders
  A shadow imp (D:6)
  8 oozes
  An adder zombie (D:6)
  2 worms (D:2)
  4 dart slugs
  4 leopard geckos
  13 orcs
  9 bats
  6 giant cockroaches
  3 goblins
  12 hobgoblins
  6 quokkas
  A ball python (D:3)
  10 frilled lizards
  5 kobolds
  3 quokka skeletons
  9 rats
160 creatures vanquished.

Vanquished Creatures (others)
  2 slaves (D:7)
  A scorpion (D:7)
  An orc wizard (D:7)
  2 orcs (D:7)
6 creatures vanquished.

Grand Total: 166 creatures vanquished

Notes
Turn   | Place    | Note
-------+----------+-------------------------------------------
     0 | D:1      | Laan the Ghoul Monk began the quest for the Orb.
     0 | D:1      | Reached XP level 1. HP: 19/19 MP: 0/0
   134 | D:1      | Reached XP level 2. HP: 26/26 MP: 1/1
   326 | D:1      | Reached skill level 4 in Unarmed Combat
   671 | D:1      | Reached XP level 3. HP: 31/31 MP: 2/2
  1146 | D:2      | Reached XP level 4. HP: 34/40 MP: 3/3
  1178 | D:2      | Reached skill level 5 in Unarmed Combat
  1421 | D:2      | Noticed Natasha
  1473 | D:2      | HP: 2/40 [Natasha (8)]
  1477 | D:2      | Killed Natasha
  1477 | D:2      | Reached XP level 5. HP: 1/46 MP: 4/4
  1672 | D:2      | Noticed Natasha
  1798 | D:2      | Killed Natasha
  1970 | D:2      | Found a shattered altar of Ashenzari.
  2054 | D:3      | Found a white marble altar of Elyvilon.
  2168 | D:3      | Found a shimmering altar of Xom.
  2367 | D:3      | Reached skill level 6 in Unarmed Combat
  2563 | D:3      | Found a glowing golden altar of the Shining One.
  2623 | D:3      | Reached XP level 6. HP: 51/53 MP: 5/5
  2794 | D:4      | Noticed a phantom
  2821 | D:4      | Noticed Duvessa
  2821 | D:4      | Noticed Dowan
  2904 | D:3      | Killed a phantom
  2904 | D:3      | Reached skill level 5 in Fighting
  3308 | D:4      | Reached skill level 7 in Unarmed Combat
  3397 | D:4      | Reached XP level 7. HP: 14/61 MP: 6/6
  3614 | D:4      | Killed Duvessa
  3668 | D:4      | Killed Dowan
  3668 | D:4      | Reached skill level 8 in Unarmed Combat
  3903 | D:5      | Entered Level 5 of the Dungeon
  3925 | D:5      | Found Honibat's Assorted Antiques.
  3929 | D:5      | Found Masygg's Antique Weapon Emporium.
  3992 | D:5      | Found a shadowy altar of Dithmenos.
  4090 | D:5      | Found a deep blue altar of Sif Muna.
  4266 | D:5      | Found Oschoar's Food Emporium.
  4285 | D:5      | Noticed Edmund
  4306 | D:5      | Killed Edmund
  4306 | D:5      | Reached XP level 8. HP: 46/71 MP: 7/7
  4548 | D:5      | Found Xera Tik's Antique Weapon Emporium.
  4572 | D:5      | Reached skill level 9 in Unarmed Combat
  4973 | D:6      | Noticed Blork the orc
  4980 | D:6      | Killed Blork the orc
  5079 | D:6      | Found a staircase to the Ecumenical Temple.
  5193 | Temple   | Entered the Ecumenical Temple
  5271 | Temple   | Became a worshipper of Qazlal Stormbringer
  5271 | Temple   | Reached * piety under Qazlal
  5271 | Temple   | Reached ** piety under Qazlal
  5389 | D:6      | Found a hazy altar of Hepliaklqana.
  5634 | D:6      | Reached skill level 10 in Unarmed Combat
  5725 | D:6      | Reached XP level 9. HP: 67/79 MP: 8/8
  5738 | D:6      | Found an ancient bone altar of Kikubaaqudgha.
  5845 | D:7      | Noticed Pikel
  5860 | D:7      | Killed Pikel
  5860 | D:7      | Reached skill level 11 in Unarmed Combat
  6118 | D:7      | Found a snail-covered altar of Cheibriados.
  6459 | D:7      | Reached skill level 1 in Armour
  6828 | D:8      | Noticed Joseph
  6942 | D:8      | Killed Joseph
  7525 | D:8      | Found a burning altar of Makhleb.
  7643 | D:9      | Found a sacrificial altar of Ru.
  7669 | D:9      | Noticed a gargoyle
  7684 | D:9      | Killed a gargoyle
  7684 | D:9      | Reached skill level 12 in Unarmed Combat
  7684 | D:9      | Reached XP level 10. HP: 79/90 MP: 9/9
  7694 | D:9      | Found a radiant altar of Vehumet.
  7732 | D:9      | Noticed a two-headed ogre
  7759 | D:9      | Slain by a two-headed ogre

Vault maps used:
D:1:      eino_arrival_water_star
D:2:      lemuel_round_altar, uniq_natasha
D:3:      tso_oasis_becter, brannock_xom_greatest_gift,
          overflow_temple_1_default
D:4:      first_bread, uniq_duvessa
D:5:      kennysheep_mini, led_sif_pool, serial_shops,
          nicolae_shop_overgrown_old_shop, nicolae_shop_window_shopping, shop,
          nicolae_shop_overgrown_old_shop, uniq_edmund
D:6:      nicolae_overflow_hidden_temple, lemuel_round_altar,
          minmay_temple_entry_enclosed_plants, feat_on_display,
          uniq_blork_the_orc
D:7:      lemuel_doored_altar, uniq_pikel
D:8:      lemuel_coloured_pillars_altar, hangedman_little_slice_of_home,
          uniq_joseph
D:9:      nicolae_ru_the_path_less_chosen, vehumet_crystals,
          hangedman_decor_diamond_cutter
Temple:   jpeg_temple_alley_garden

Skill      XL: |  1  2  3  4  5  6  7  8  9 |
---------------+----------------------------+-----
Unarmed Combat | 4 5 6 7 8 10 12 | 12.2
Fighting       | 4 5 6 7 9 |  9.2
Armour         | 2 |  2.9
Dodging        | |  2.7
Stealth        | |  2.2

Action                   |  1- 3 |  4- 6 |  7- 9 | 10-12 || total
-------------------------+-------+-------+-------+-------++-------
Melee: Unarmed           |   105 |   210 |   312 |    23 ||   650
       Punch             |     1 |     5 |    14 |     1 ||    21
  Use: Potion            |     1 |       |       |     1 ||     2
       Scroll            |       |     1 |     1 |       ||     2
 Stab: Sleeping          |     3 |       |       |       ||     3
  Eat: Chunk             |     4 |     6 |    30 |       ||    40
Armor: Robe              |    11 |       |       |       ||    11
       Ring mail         |     6 |    75 |    23 |       ||   104
       Scale mail        |       |       |    82 |     9 ||    91
Dodge: Dodged            |    67 |   118 |   148 |     7 ||   340
Block: Other             |       |       |     8 |     1 ||     9
